 Dungeon Crawl Stone Soup version 0.29.1-12-g30fa7ad0bf (webtiles) character file.

Game seed: 6839393790325494419

743 wormed the Grappler (level 7, -1/66 HPs)
             Began as a Troll Gladiator on Dec 26, 2022.
             Slain by an orc wizard
             ... wielding a +2 dagger of venom
              (3 damage)
             ... on level 4 of the Dungeon.
             The game lasted 00:04:31 (2562 turns).

wormed the Grappler (Troll Gladiator)               Turns: 2562, Time: 00:04:31

Health: -1/66      AC:  5    Str: 22 (25) XL:     7   Next: 47%
Magic:  6/6        EV: 10    Int:  3 (4)  God:
Gold:   192        SH:  0    Dex: 13 (15) Spells: 6/6 levels left

rFire   . . .      SeeInvis .     - Unarmed
rCold   . . .      Faith    .   (no shield)
rNeg    . . .      Spirit   .   a - +0 robe
rPois   .          Reflect  .   b - +0 hat
rElec   .          Harm     .   j - +0 cloak
rCorr   .          Rampage  .   (gloves unavailable)
Will    .....                   (boots unavailable)
Stlth   +.........              (no amulet)
HPRegen 1.01/turn               g - +6 ring of dexterity
MPRegen 0.10/turn               (no ring)

@: lethally poisoned (-1 -> -5), attractive
A: large, unfitting armour, claws 3, regeneration 1, shaggy fur 1, tough skin 1,
clumsy 1
a: no special abilities


You were on level 4 of the Dungeon.
You visited 1 branch of the dungeon, and saw 5 of its levels.

You collected 192 gold pieces.

Inventory:

Missiles
 c - 3 throwing nets
 d - 8 large rocks (quivered)
Armour
 a - a +0 robe (worn)
 b - a +0 hat (worn)
 j - a +0 cloak (worn)
Jewellery
 g - a +6 ring of dexterity (left claw)
 u - a ring of wizardry
Wands
 i - a wand of flame (20)
Scrolls
 e - 7 scrolls of identify {unknown}
 f - a scroll of magic mapping {unknown}
 l - a scroll of vulnerability {unknown}
 p - a scroll of enchant armour {unknown}
 r - a scroll of torment {unknown}
 t - a scroll of teleportation {unknown}
 v - a scroll of fear {unknown}
Potions
 h - a potion of flight {unknown}
 k - a potion of degeneration
 m - a potion of mutation
 n - a potion of might {unknown}
 o - a potion of haste {unknown}
 q - a potion of attraction
 s - a potion of invisibility {unknown}
 w - a potion of lignification {unknown}


   Skills:
 + Level 2.5 Fighting
 - Level 2.0 Throwing
 - Level 3.0 Dodging
 + Level 8.2 Unarmed Combat


You had 6 spell levels left.
You didn't know any spells.
Your spell library was empty.

Dungeon Overview and Level Annotations

Branches:
Dungeon (5/15)
 Temple: D:4-7

Altars:
Fedhas
Uskayaw
Wu Jian
Xom

Shops:
D:4 (


Innate Abilities, Weirdness & Mutations

You are too large for most types of armour.
You have claws for hands.
Your natural rate of healing is unusually fast.
You are covered in fur. (AC +1)
You have tough skin. (AC +1)
You are clumsy. (Dex -2)


Message History

You feel less confused.
You feel sick. Something hits you.
You are more poisoned.
You feel very sick.
There is a stone staircase leading up here.
You feel very sick. Something hits you.
You are more poisoned.
The orc barely misses you.
You climb upwards.
Reactivating autopickup.
You are no longer corroded.
You feel very sick.
There is a stone staircase leading down here.
You closely miss the orc.
You feel very sick. The orc hits you but does no damage. Something hits you.
* * * LOW HITPOINT WARNING * * *
Deactivating autopickup; reactivate with Ctrl-A.
It was a potion of degeneration.
There was something very wrong with that liquid.
You feel weakened.
You feel dopey.
You feel clumsy.
You feel sick. The orc hits you with a +0 club.
* * * LOW HITPOINT WARNING * * *
You hear some strange, mumbled words.
A magic dart appears from out of thin air!
The magic dart hits you!
* * * LOW HITPOINT WARNING * * *
It was a potion of mutation.
You feel extremely strange.
You feel clumsy.
You feel sick. The orc hits you with a +0 club.
* * * LOW HITPOINT WARNING * * *
Something hits you but does no damage.
You are lethally poisoned!
It was a potion of attraction.
You feel attractive to monsters.
* * * LOW HITPOINT WARNING * * *
You feel very sick. The orc barely misses you. Something hits you.
You die...

########### #.........#
#.........# #.........#
#.......o.#########
#.......@.........##
#......{..#######..######
#.............# ##.......
#.........###.## ########
#.........# #..##########
########### ##....#......
####........ ##.......
##......


You could see an orc.

Vanquished Creatures
  Sigmund (D:4)
  An ogre (D:4)
  The ghost of Barsook the Chopper, an amateur DsFi (D:3)
  Blork the orc (D:4)
  A scorpion (D:3)
  A necrophage (D:4)
  A jelly (D:5)
  An iguana (D:2)
  3 adders
  4 gnolls (D:4)
  A white imp (D:3)
  2 ufetubi (D:4)
  3 worms
  2 dart slugs (D:1)
  4 orcs
  8 ball pythons
  10 endoplasms
  2 giant cockroaches
  10 goblins
  4 hobgoblins
  5 jackals
  4 quokkas
  4 bats
  2 frilled lizards (D:1)
  5 kobolds
  5 rats
86 creatures vanquished.

Notes
Turn   | Place    | Note
-------+----------+-------------------------------------------
     0 | D:1      | wormed the Troll Gladiator began the quest for the Orb.
     0 | D:1      | Reached XP level 1. HP: 19/19 MP: 0/0
   106 | D:1      | Reached XP level 2. HP: 27/28 MP: 1/1
   244 | D:1      | Found a faded altar of an unknown god.
   422 | D:1      | Reached XP level 3. HP: 33/35 MP: 2/2
   703 | D:2      | Found a hide-covered altar of Uskayaw.
   860 | D:2      | Reached skill level 4 in Unarmed Combat
   860 | D:2      | Reached XP level 4. HP: 42/42 MP: 3/3
  1233 | D:3      | Identified the +0 ring mail "Hoci" {Int+4}
  1456 | D:3      | Found a runed translucent gate.
  1456 | D:3      | Found a runed translucent gate.
  1457 | D:3      | Found a runed translucent gate.
  1458 | D:3      | Noticed Barsook's ghost (amateur DsFi)
  1551 | D:3      | Noticed a scorpion
  1553 | D:3      | Killed a scorpion
  1554 | D:3      | Reached skill level 5 in Unarmed Combat
  1554 | D:3      | Reached XP level 5. HP: 49/49 MP: 4/4
  1925 | D:3      | Killed Barsook's ghost
  1926 | D:3      | Reached skill level 6 in Unarmed Combat
  1950 | D:4      | Found Kuhey's Antique Weapon Emporium.
  1951 | D:4      | Noticed Sigmund
  1955 | D:4      | Killed Sigmund
  1956 | D:4      | Reached skill level 7 in Unarmed Combat
  1956 | D:4      | Reached XP level 6. HP: 57/57 MP: 5/5
  1996 | D:4      | Found a shimmering altar of Xom.
  2054 | D:4      | Found a blossoming altar of Fedhas.
  2099 | D:4      | Found an ornate altar of the Wu Jian Council.
  2313 | D:4      | Noticed Blork the orc
  2317 | D:4      | Killed Blork the orc
  2318 | D:4      | Reached XP level 7. HP: 65/65 MP: 6/6
  2420 | D:4      | Reached skill level 8 in Unarmed Combat
  2528 | D:5      | Entered Level 5 of the Dungeon
  2561 | D:4      | Gained mutation: You are clumsy. (Dex -2) [potion of
                  | mutation]
  2562 | D:4      | HP: 2/66 [poisoned by an orc wizard]
  2562 | D:4      | Slain by an orc wizard

Illustrated notes

Levels and vault maps discovered:
D:1:      giann_bridges, layout_basic, chequers_ecumenical_altar_simple_redux
D:2:      layout_loops_ring, basic_altar, minmay_split_cup_small
D:3:      layout_loops_ring, serial_rivers, chequers_serial_rivers_small_a,
          chequers_serial_rivers_small_b, chequers_serial_rivers_large_a,
          chequers_serial_rivers_marsh, chequers_serial_rivers_small_3,
          chequers_serial_rivers_micro_a, ebering_ghost_rock_garden
D:4:      minmay_diamond_boxcup, layout_rooms, nicolae_wu_jian_wuxing_cycle,
          mainiacjoe_overflow_alcove_1, kennysheep_little_box, serial_shops,
          shop, uniq_sigmund, uniq_blork_the_orc
D:5:      layout_loops_corners, serial_shops, nicolae_shop_statue_plus,
          saegor_snake_ambush

Skill      XL: |  1  2  3  4  5  6  7 |
---------------+----------------------+-----
Throwing       | 2 |  2.0
Fighting       | 2 |  2.5
Unarmed Combat | 4 5 7 8 |  8.2
Dodging        | 3 |  3.0

Action                   |  1- 3 |  4- 6 |  7- 9 || total
-------------------------+-------+-------+-------++-------
Melee: Unarmed           |    85 |    65 |    31 ||   181
       Punch             |     2 |     7 |       ||     9
Throw: Large rock        |       |     8 |       ||     8
  Use: Potion            |       |       |     3 ||     3
 Stab: Sleeping          |     4 |     1 |       ||     5
Armor: Robe              |    19 |    19 |     7 ||    45
Dodge: Dodged            |    35 |    46 |    17 ||    98
